 Dungeon Crawl Stone Soup version 0.15-a0-2193-g309c75d (webtiles) character file.

8297 PolkaDot the Jinx (level 11, -5/90 HPs)
             Began as a Vampire Enchanter on July 22, 2014.
             Was an Initiate of Gozag.
             Slain by a manticore (8 damage)
             ... on Level 11 of the Dungeon.
             The game lasted 00:39:02 (10654 turns).

PolkaDot the Jinx (Vampire Enchanter)              Turns: 10654, Time: 00:39:03

HP  -5/90        AC 10     Str  7      XL: 11   Next:  8%
MP  16/26        EV 10     Int 23      God: Gozag
Gold 1294        SH  0     Dex 14      Spells:  5 memorised,  1 level left

rFire  . . .     SeeInvis +     l - +5 dagger
rCold  + + .     Clarity  .     x - +3 leather armour
rNeg   + + +     rCorr    .     (no shield)
rPois  +         rRot     +     B - +2 helmet
rElec  .         Spirit   .     (no cloak)
SustAb .         Warding  .     a - +0 pair of gloves
rMut   .         Rnd*Tele +     (no boots)
Gourm  .                        y - amulet of faith
MR     +....                    v - cursed ring of magical power
                                m - +3 ring of intelligence

@: manticore barbs, bloodless, non-regenerating, somewhat resistant to hostile
enchantments, extremely stealthy
A: bottle blood, fangs 3, see invisible, teleportitis 1, unbreathing
a: Bat Form, Bottle Blood, Potion Petition, Call Merchant, Bribe Branch,
Renounce Religion


You were on level 11 of the Dungeon.
You worshipped Gozag.
Gozag was noncommittal.
You were bloodless.

You visited 2 branches of the dungeon, and saw 12 of its levels.

You collected 1427 gold pieces.
You paid 133 gold pieces to Gozag.

Inventory:

Hand weapons
 l - a +5 dagger (weapon)
Armour
 a - a +0 pair of gloves (worn)
 x - a +3 leather armour (worn)
 B - a +2 helmet (worn)
Magical devices
 g - a wand of digging (7)
 q - a wand of paralysis (9)
Scrolls
 b - a scroll of summoning {unknown}
 h - a scroll of remove curse
 k - 3 scrolls of blinking
 o - a scroll of fog
 p - 2 scrolls of recharging
 u - a scroll of amnesia {unknown}
 w - 2 scrolls of teleportation
Jewellery
 m - a +3 ring of intelligence (left hand)
 n - an uncursed ring of protection from magic
 v - a cursed ring of magical power (right hand)
 y - an amulet of faith (around neck)
Potions
 d - 2 potions of might
 f - a potion of resistance
 i - a potion of curing
 r - a potion of brilliance
 s - a potion of agility
 t - 4 potions of haste
 z - a potion of flight
 A - a potion of heal wounds {unknown}
 C - a potion of cure mutation {unknown}
 E - a potion of restore abilities {unknown}
Books
 c - a book of Maledictions

   Spells                             Type                      Level
   *Corona                            Hexes                        1
   Sure Blade                         Hexes/Charms                 2
   *Ensorcelled Hibernation           Hexes/Ice                    2
   *Confuse                           Hexes                        3
   *Dazzling Spray                    Conjuration/Hexes            3
   *Enslavement                       Hexes                        4
 j - a book of Ice

   Spells                             Type                      Level
   Metabolic Englaciation             Hexes/Ice                    5
   Ozocubu's Refrigeration            Ice                          6
   Bolt of Cold                       Conjuration/Ice              6
   Freezing Cloud                     Conjuration/Ice/Air          6
   Simulacrum                         Ice/Necromancy               6


   Skills:
 * Level 9.7 Fighting
 - Level 3.1 Short Blades
 - Level 2.1 Dodging
 + Level 13.4 Stealth
 - Level 2.0 Spellcasting
 + Level 14.1 Hexes
 - Level 1.4 Ice Magic


You had one spell level left.
You knew the following spells:

 Your Spells              Type           Power        Failure   Level  Hunger
a - Corona                Hex            ######.      1%          1    #......
c - Confuse               Hex            ######..     1%          3    ###....
d - Ensorcelled Hibernat  Hex/Ice        #####.       1%          2    ##.....
e - Enslavement           Hex            ######..     1%          4    #####..
s - Dazzling Spray        Conj/Hex       ####....     1%          3    ###....


Dungeon Overview and Level Annotations

Branches:
Dungeon (11/15)            Temple (1/1) D:7             Orc (0/4) D:9
   Lair: D:8-11

Altars:
Ashenzari
Cheibriados
Dithmenos
Elyvilon
Fedhas
Gozag
Kikubaaqudgha
Makhleb
Nemelex Xobeh
Okawaru
Qazlal
Sif Muna
Trog
Vehumet
Xom
Yredelemnul
Zin
The Shining One

Shops:
D:7 [


Innate Abilities, Weirdness & Mutations

You do not heal naturally.
You can bottle blood from corpses.
You have razor-sharp teeth.*
You have supernaturally acute eyesight.
You can survive without breathing.*
Space occasionally distorts in your vicinity.


Message History

Your yak gores the manticore.
The manticore bites your yak!!
Your yak is killed!
The manticore flicks its tail!
The volley of spikes skewers you!
The barbed spikes become lodged in your body.
* * * LOW HITPOINT WARNING * * *
Drink which item? (? for menu, Esc to quit)
You feel better.
Casting: Enslavement
Confirm with . or Enter, or press ? or * to list all spells.
Aiming: Ensorcelled Hibernation
Press: ? - help, Shift-Dir - straight line, f/p - manticore
Aim: a manticore (severely wounded)
The manticore resists.
The manticore bites you!
* * * LOW HITPOINT WARNING * * *
The manticore claws you.
* * * LOW HITPOINT WARNING * * *
The manticore claws you!
You die...
Your body crumbles into a pile of gold.

. ##.#
#####......
#.#.@...#
#...H...#
#....$..#
#.......#
#.......#
#.........
#.....#.##.
##..(##.#
##.###.#


You could see a manticore.

Vanquished Creatures
  Nergalle (D:10)
  A hill giant (D:10)
  A two-headed ogre (D:10)
  4 yaks
  An ugly thing (D:8)
  A warg (D:9)
  2 hungry ghosts
  2 hill giant skeletons
  A hippogriff (D:11)
  2 soldier ants (D:9)
  2 water moccasins
  3 ice beasts
  3 ogres
  2 sky beasts
  2 black bears
  A yellow wasp (D:10)
  4 orc warriors
  A phantom (D:8)
  4 centaurs
  A necrophage (D:7)
  A crocodile (D:9)
  A big kobold (D:9)
  A gnoll sergeant (D:7)
  A brain worm (D:9)
  7 giant frogs
  3 jellies
  4 scorpions
  3 wights (D:8)
  5 killer bees (D:10)
  3 crimson imps
  4 orc priests
  A giant frog zombie (D:8)
  2 goliath beetles
  8 orc wizards
  4 hounds
  A black bear skeleton (D:10)
  2 centaur skeletons
  5 iguanas
  3 worker ants
  An ogre zombie (D:10)
  3 sheep (D:10)
  A hound skeleton (D:5)
  A mummy (D:10)
  8 adders
  9 gnolls
  An orc skeleton (D:5)
  A goliath beetle zombie (D:5)
  3 shadow imps (D:8)
  2 orc zombies
  An iguana skeleton (D:4)
  9 giant geckos
  An ooze (D:3)
  19 orcs
  2 ball pythons
  8 bats
  7 giant cockroaches
  5 goblins
  18 hobgoblins
  9 jackals
  3 quokkas
  4 giant newts
  A gnoll zombie (D:6)
  A goblin zombie (D:5)
  14 kobolds
  A kobold skeleton (D:4)
  14 rats
245 creatures vanquished.

Vanquished Creatures (collateral kills)
  A cyclops (D:10)
  A gnoll sergeant (D:10)
  A wight (D:8)
  A sheep (D:10)
  2 gnolls (D:10)
6 creatures vanquished.

Vanquished Creatures (others)
  The ghost of runewalsh the Chiller, an experienced OpIE (D:6)
  A quasit (D:8)
  A worker ant (D:5)
  A big kobold zombie (D:5)
  A giant cockroach (D:1)
  A jackal (D:6)
6 creatures vanquished.

Grand Total: 257 creatures vanquished

Notes
Turn   | Place    | Note
--------------------------------------------------------------
     0 | D:1      | PolkaDot, the Vampire Enchanter, began the quest for the Orb.
     0 | D:1      | Reached XP level 1. HP: 13/13 MP: 3/3
   184 | D:1      | Reached XP level 2. HP: 10/19 MP: 2/4
   337 | D:1      | Learned a level 2 spell: Ensorcelled Hibernation
  1285 | D:2      | Reached XP level 3. HP: 24/24 MP: 6/6
  1290 | D:2      | Learned a level 3 spell: Confuse
  1717 | D:3      | Reached skill level 1 in Ice Magic
  1817 | D:3      | Reached skill level 5 in Hexes
  1817 | D:3      | Reached XP level 4. HP: 29/31 MP: 7/7
  2555 | D:4      | Noticed a centaur
  2563 | D:4      | Reached skill level 1 in Fighting
  2563 | D:4      | Reached skill level 5 in Stealth
  2644 | D:4      | Killed a centaur
  2644 | D:4      | Reached skill level 6 in Hexes
  2644 | D:4      | Reached XP level 5. HP: 37/37 MP: 6/9
  2757 | D:4      | Noticed an ogre
  2759 | D:4      | Killed an ogre
  2759 | D:4      | Reached skill level 7 in Hexes
  2759 | D:4      | Reached XP level 6. HP: 44/44 MP: 5/10
  3497 | D:4      | Reached skill level 8 in Hexes
  3570 | D:5      | Entered Level 5 of the Dungeon
  3582 | D:5      | Found a shadowy altar of Dithmenos.
  3583 | D:5      | Noticed a water moccasin
  3590 | D:5      | Killed a water moccasin
  3590 | D:5      | Reached XP level 7. HP: 51/51 MP: 8/12
  3894 | D:5      | Learned a level 4 spell: Enslavement
  4129 | D:5      | Reached skill level 9 in Hexes
  4264 | D:5      | Found a white marble altar of Elyvilon.
  4443 | D:6      | Reached XP level 8. HP: 59/59 MP: 13/13
  4586 | D:6      | Reached skill level 10 in Hexes
  4589 | D:6      | Noticed runewalsh's ghost (experienced OpIE)
  4599 | D:6      | Found an ancient bone altar of Kikubaaqudgha.
  4714 | D:6      | Banished runewalsh's ghost
  5003 | D:6      | Found a stormy altar of Qazlal.
  5186 | D:6      | Found a basalt altar of Yredelemnul.
  5341 | D:7      | Reached skill level 11 in Hexes
  5504 | D:7      | Found a staircase to the Ecumenical Temple.
  5610 | Temple   | Entered the Ecumenical Temple
  5741 | Temple   | Became a worshipper of Gozag Ym Sagoz the Greedy
  6001 | D:7      | Found Zochyd's Armour Boutique.
  6059 | D:7      | Reached skill level 5 in Fighting
  6307 | D:7      | Reached XP level 9. HP: 68/68 MP: 14/14
  6815 | D:8      | Reached skill level 10 in Stealth
  6855 | D:8      | Reached skill level 12 in Hexes
  7986 | D:8      | Gained mutation: Space occasionally distorts in your vicinity. [mutagenic glow]
  8544 | D:9      | Found a staircase to the Orcish Mines.
  8573 | D:9      | Reached XP level 10. HP: 68/79 MP: 16/16
  8662 | D:9      | Learned a level 3 spell: Dazzling Spray
  9098 | D:9      | Found a shimmering altar of Xom.
  9373 | D:9      | Reached skill level 13 in Hexes
  9585 | D:10     | Entered Level 10 of the Dungeon
  9903 | D:10     | Noticed a hill giant
  9929 | D:10     | Killed a hill giant
  9948 | D:10     | Noticed Nergalle
 10139 | D:10     | Killed Nergalle
 10339 | D:10     | Noticed a cyclops
 10351 | D:10     | Killed a cyclops
 10351 | D:10     | Reached skill level 14 in Hexes
 10374 | D:10     | Reached XP level 11. HP: 45/89 MP: 13/17
 10654 | D:11     | HP: 3/90 [manticore (2)]
 10654 | D:11     | Slain by a manticore

Action                   |  1- 3 |  4- 6 |  7- 9 | 10-12 || total
-------------------------+-------+-------+-------+-------++-------
Melee: Dagger            |    61 |    57 |   209 |   140 ||   467
 Cast: Corona            |     5 |       |     2 |       ||     7
       Ensorcelled Hiber |    14 |    35 |    96 |    43 ||   188
       Confuse           |       |       |    16 |     8 ||    24
       Enslavement       |       |       |     1 |     7 ||     8
Evoke: Wand              |       |       |     3 |     2 ||     5
  Use: Scroll            |       |       |    12 |     5 ||    17
       Potion            |       |       |       |     4 ||     4
 Stab: Sleeping          |    14 |    27 |    87 |    46 ||   174
       Confused          |       |       |     6 |     9 ||    15
       Distracted        |       |       |     5 |     3 ||     8
